 Dungeon Crawl Stone Soup version 0.25-a0-611-g6918904 (webtiles) character file.

Game seed: 11132524492088692038, levelgen mode: deterministic

5901 Trolling the Grappler (level 10, -1/153 HPs)
             Began as a Troll Fighter on Mar 16, 2020.
             Was a High Priest of Okawaru.
             Slain by a killer bee (5 damage)
             ... on level 9 of the Dungeon.
             The game lasted 00:18:04 (5977 turns).

Trolling the Grappler (Troll Fighter)               Turns: 5977, Time: 00:18:04

Health: -1/153     AC: 27    Str: 29    XL:     10   Next: 53%
Magic:  8/10       EV:  1    Int:  4    God:    Okawaru [*****.]
Gold:   330        SH: 13    Dex:  7    Spells: 9/9 levels left

rFire    . . .     SeeInvis .     - Unarmed
rCold    . . .     Gourm    +   b - +1 kite shield
rNeg     + + +     Faith    .   (armour currently unavailable)
rPois    +         Spirit   .   (helmet currently unavailable)
rElec    .         Reflect  .   (cloak currently unavailable)
rCorr    .         Harm     .   (gloves unavailable)
MR       .....     NoTele   +   (boots unavailable)
Stlth    ++........             (no amulet)
HPRegen  0.75/turn              l - +2 ring of protection
MPRegen  0.12/turn              (no ring)

@: lethally poisoned (-1 -> -2), tree-form, heroism
A: large, unfitting armour, clumsy 1, fast metabolism 3, gourmand, regeneration
1
a: Heroism, Finesse, Renounce Religion


You were on level 9 of the Dungeon.
You worshipped Okawaru.
Okawaru was extremely pleased with you.
You were very full.
You were a tree.
You visited 1 branch of the dungeon, and saw 9 of its levels.

You collected 330 gold pieces.

Inventory:

Missiles
 e - 18 poisoned darts (quivered)
 k - 23 boomerangs
 t - 5 atropa-tipped darts
 w - 8 javelins
Armour
 b - a +1 kite shield (worn)
 y - +0 ice dragon scales (melded)
Jewellery
 l - a +2 ring of protection (left branch)
Scrolls
 g - 2 scrolls of blinking
 h - 2 scrolls of magic mapping
 i - 6 scrolls of remove curse
 m - 2 scrolls of enchant armour
 o - 7 scrolls of teleportation
 p - a scroll of immolation
 u - a scroll of fear
 v - 3 scrolls of identify
 x - 3 scrolls of amnesia {unknown}
Potions
 c - 2 potions of might
 j - 2 potions of mutation
 r - a potion of brilliance
 s - 2 potions of lignification
Comestibles
 d - 15 rations
 f - 13 chunks of flesh


   Skills:
 + Level 7.0(12.0) Fighting
 - Level 2.4(7.4) Dodging
 + Level 7.0(12.0) Shields
 * Level 11.2(16.2) Unarmed Combat
 - Level 2.1 Invocations


You had 9 spell levels left.
You didn't know any spells.
Your spell library contained the following spells:

 Spells                   Type           Power        Failure   Level  Hunger
 Animate Skeleton         Necr           N/A          50%         1    ##.....
 Beastly Appendage        Tmut           #.....       50%         1    ##.....
 Pain                     Necr           #...         50%         1    ##.....
 Summon Small Mammal      Summ           #...         50%         1    ##.....
 Call Imp                 Summ           #.......     65%         2    ###....
 Sticks to Snakes         Tmut           #.......     65%         2    ###....
 Call Canine Familiar     Summ           #.......     86%         3    ####...
 Spider Form              Tmut/Pois      #.........   86%         3    ####...
 Summon Guardian Golem    Hex/Summ       #.......     86%         3    ####...
 Vampiric Draining        Necr           #.........   86%         3    ####...
 Animate Dead             Necr           N/A          99%         4    #####..
 Ice Form                 Ice/Tmut       #.......     99%         4    #####..
 Summon Ice Beast         Ice/Summ       #.......     99%         4    #####..
 Summon Lightning Spire   Summ/Air       #.......     99%         4    #####..
 Agony                    Necr           #.......     100%        5    ######.
 Blade Hands              Tmut           #.........   100%        5    ######.


Dungeon Overview and Level Annotations

Branches:
Dungeon (9/15)             Temple (0/1) D:7
   Lair: D:8-11         Orc: D:9-12

Altars:
Ashenzari
Cheibriados
Dithmenos
Makhleb
Nemelex Xobeh
Okawaru
Wu Jian
Xom


Innate Abilities, Weirdness & Mutations

You are too large for most types of armour.
((You have claws for hands.))
Your metabolism is lightning-fast.
You like to eat raw meat.
Your natural rate of healing is unusually fast.
((You are covered in fur. (AC +1)))
((You have extremely tough skin. (AC +3)))
((You are partially covered in yellow scales. (AC +2)))
((Your skin changes colour to match your surroundings (Stealth+).))
You are clumsy. (Dex -2)


Message History

The killer bee stings you but does no damage.
The killer bee stings you.
* * * LOW HITPOINT WARNING * * *
The killer bee completely misses you.
The killer bee stings you but does no damage. x2
A killer bee comes into view.
The killer bee stings you but does no damage.
You block the killer bee's attack.
The killer bee stings you but does no damage. x3
You gain the combat prowess of a mighty hero.
The killer bee stings you but does no damage.
You block the killer bee's attack.
The killer bee stings you but does no damage.
The killer bee stings you.
* * * LOW HITPOINT WARNING * * *
You are poisoned.
The killer bee poisons you!
The killer bee stings you but does no damage. x2
The killer bee stings you.
You die...

..............#......##
...$..................#
###).# #..................
##....####.................
#......###.................
###....$.....................
#.....<.##...................
#......[...yy...?......##....
....####....y♣††..........
###.# #.!...yy†...........
#.. #.y..............#. o.
.................#
##..................
................... .
#.................. .
.(............... . .


You could see 6 killer bees.

Vanquished Creatures
  Pikel (D:9)
  Prince Ribbit (D:5)
  6 yaks (D:9)
  Eustachio (D:4)
  Grum (D:8)
  Edmund (D:5)
  Menkaure (D:4)
  A water moccasin (D:8)
  A sky beast (D:6)
  An orc warrior (D:9)
  A slave (D:9)
  3 black bears
  An ice beast (D:9)
  An ogre (D:9)
  4 phantoms
  A necrophage (D:6)
  3 wolves (D:8)
  3 centaurs
  A big kobold (D:8)
  6 bullfrogs
  2 scorpions
  10 killer bees
  4 howler monkeys
  2 bullfrog zombies
  3 crimson imps
  5 hounds
  A quasit (D:6)
  A centaur zombie (D:6)
  5 orc priests
  2 jellies (D:6)
  5 orc wizards
  Jessica (D:3)
  2 iguanas
  A worker ant (D:9)
  A worker ant zombie (D:6)
  Robin (D:3)
  6 gnolls
  8 adders
  4 shadow imps
  2 worms
  A dart slug (D:1)
  4 leopard geckos
  23 orcs
  9 bats
  10 giant cockroaches
  15 goblins
  11 hobgoblins
  4 jackals (D:1)
  12 kobolds
  3 quokkas
  2 ball pythons
  6 frilled lizards
  A jackal skeleton (D:6)
  A leopard gecko zombie (D:9)
  A quokka zombie (D:8)
  10 rats
218 creatures vanquished.

Vanquished Creatures (others)
  A slave (D:9)
  A killer bee (D:9)
  A gnoll (D:9)
3 creatures vanquished.

Grand Total: 221 creatures vanquished

Notes
Turn   | Place    | Note
-------+----------+-------------------------------------------
     0 | D:1      | Trolling the Troll Fighter began the quest for the Orb.
     0 | D:1      | Reached XP level 1. HP: 22/22 MP: 0/0
   130 | D:1      | Reached XP level 2. HP: 29/29 MP: 1/1
   315 | D:1      | Reached XP level 3. HP: 31/36 MP: 2/2
   505 | D:1      | Reached skill level 3 in Unarmed Combat
   778 | D:2      | Reached XP level 4. HP: 44/44 MP: 3/3
  1198 | D:3      | Found a sparkling altar of Nemelex Xobeh.
  1268 | D:3      | Found a shadowy altar of Dithmenos.
  1299 | D:3      | Noticed Jessica
  1302 | D:3      | Killed Jessica
  1306 | D:3      | Noticed Robin
  1311 | D:3      | Killed Robin
  1344 | D:3      | Reached XP level 5. HP: 40/53 MP: 4/4
  1476 | D:3      | Noticed a black bear
  1477 | D:3      | Reached skill level 4 in Unarmed Combat
  1485 | D:3      | Killed a black bear
  1496 | D:3      | Reached XP level 6. HP: 56/61 MP: 5/5
  1915 | D:4      | Reached skill level 5 in Unarmed Combat
  1938 | D:4      | Noticed Menkaure
  1948 | D:4      | Killed Menkaure
  1948 | D:4      | Reached XP level 7. HP: 65/68 MP: 6/6
  2068 | D:4      | You fall into a shaft and drop 3 floors!
  2138 | D:7      | Found a burning altar of Makhleb.
  2149 | D:7      | Found a shimmering altar of Xom.
  2150 | D:7      | Found an ornate altar of the Wu Jian Council.
  2150 | D:7      | Found an iron altar of Okawaru.
  2156 | D:7      | Became a worshipper of Warmaster Okawaru
  2159 | D:7      | Found a snail-covered altar of Cheibriados.
  2182 | D:7      | Reached skill level 6 in Unarmed Combat
  2238 | D:7      | Reached skill level 1 in Invocations
  2337 | D:6      | Reached * piety under Okawaru
  2337 | D:6      | Reached XP level 8. HP: 73/78 MP: 8/8
  2395 | D:6      | Reached skill level 7 in Unarmed Combat
  2738 | D:5      | Entered Level 5 of the Dungeon
  2771 | D:5      | Reached skill level 5 in Shields
  2774 | D:5      | Reached skill level 5 in Fighting
  2823 | D:5      | Reached ** piety under Okawaru
  2939 | D:5      | Reached skill level 8 in Unarmed Combat
  2956 | D:5      | Noticed Prince Ribbit
  2967 | D:5      | Killed Prince Ribbit
  3196 | D:4      | Noticed Eustachio
  3213 | D:4      | Killed Eustachio
  3213 | D:4      | Reached XP level 9. HP: 86/87 MP: 9/9
  3511 | D:5      | You fall into a shaft and drop 1 floor!
  3824 | D:5      | Noticed Edmund
  3832 | D:5      | Killed Edmund
  4008 | D:6      | Reached skill level 9 in Unarmed Combat
  4214 | D:6      | Reached *** piety under Okawaru
  4543 | D:7      | Found a staircase to the Ecumenical Temple.
  4852 | D:8      | HP: 4/88 [poisoned by a killer bee]
  4853 | D:8      | Gained mutation: Your skin changes colour to match your
                  | surroundings (Stealth+). [potion of mutation]
  4853 | D:8      | Gained mutation: You are clumsy. (Dex -2) [potion of
                  | mutation]
  4853 | D:8      | Gained mutation: You are partially covered in yellow
                  | scales. (AC +2) [potion of mutation]
  5351 | D:8      | Noticed Grum
  5369 | D:8      | Reached skill level 10 in Unarmed Combat
  5377 | D:8      | Reached **** piety under Okawaru
  5382 | D:8      | Killed Grum
  5648 | D:9      | Reached XP level 10. HP: 86/100 MP: 10/10
  5860 | D:9      | Found a shattered altar of Ashenzari.
  5916 | D:9      | Noticed Pikel
  5926 | D:9      | Killed Pikel
  5926 | D:9      | Reached ***** piety under Okawaru
  5926 | D:9      | Reached skill level 11 in Unarmed Combat
  5974 | D:9      | HP: 4/153 [killer bee (5)]
  5975 | D:9      | HP: 1/153 [killer bee (2)]
  5977 | D:9      | Slain by a killer bee

Levels and vault maps discovered:
D:1:      lemuel_arrival_tunnels, layout_rooms, minmay_3d_cube
D:2:      layout_rooms, first_ration, minmay_indecisive_spiral
D:3:      layout_basic, nemelex_xobeh_ov_fountains_minmay, st_stairs_12,
          grunt_dithmenos_smoke, uniq_jessica, uniq_robin
D:4:      layout_cave_pools, kennysheep_nondescript, uniq_menkaure,
          uniq_eustachio
D:5:      layout_basic, uniq_prince_ribbit1, uniq_edmund
D:6:      layout_basic
D:7:      layout_rooms, minitemple, temple_hall
D:8:      layout_gridville, uniq_grum
D:9:      layout_cave_pools, nicolae_overflow_hidden_temple, david_nohive_1,
          evilmike_ruin_ashenzari, uniq_pikel

Skill      XL: |  1  2  3  4  5  6  7  8  9 10 |
---------------+-------------------------------+-----
Unarmed Combat | 3 4 5 6 8 10 11 | 11.2
Shields        | 3 4 5 6 7 |  7.0
Fighting       | 3 4 5 6 7 |  7.0
Invocations    | 2 |  2.1
Dodging        | |  2.4

Action                   |  1- 3 |  4- 6 |  7- 9 | 10-12 || total
-------------------------+-------+-------+-------+-------++-------
Melee: Unarmed           |   146 |   144 |   352 |   123 ||   765
Invok: Heroism           |       |       |       |     2 ||     2
  Use: Scroll            |       |     7 |     3 |       ||    10
       Potion            |       |       |     5 |     3 ||     8
  Eat: Chunk             |    13 |    11 |    32 |     4 ||    60
Armor: Robe              |    72 |    44 |    60 |       ||   176
       Ice dragon scales |       |       |    61 |   107 ||   168
       Skin              |       |       |       |    80 ||    80
Dodge: Dodged            |    77 |    46 |    91 |    55 ||   269
Block: Kite shield       |    94 |    74 |   216 |   158 ||   542

Table legend:
 A = Non-vault XP
 B = Vault XP
 C = Vault XP percentage of total XP
 D = Non-vault monster count
 E = Vault monster count
 F = Vault count percentage of total count
                 A         B        C        D         E       F
            +---------+---------+-------+---------+---------+-------
      Total |    6048 |    2383 |  28.3 |     182 |      35 |  16.1
            +---------+---------+-------+---------+---------+-------
        D:1 |      60 |       4 |   6.2 |      34 |       3 |   8.1
        D:2 |      26 |      17 |  39.5 |      14 |       4 |  22.2
        D:3 |      99 |     198 |  66.7 |      21 |      15 |  41.7
        D:4 |     284 |     357 |  55.7 |      12 |       2 |  14.3
        D:5 |     566 |     462 |  44.9 |      15 |       2 |  11.8
        D:6 |    1178 |       0 |   0.0 |      27 |       0 |   0.0
        D:7 |     766 |       0 |   0.0 |      17 |       0 |   0.0
        D:8 |     824 |     528 |  39.1 |      20 |       4 |  16.7
        D:9 |    2245 |     817 |  26.7 |      22 |       5 |  18.5
            +---------+---------+-------+---------+---------+-------
